 Dungeon Crawl Stone Soup version 0.20-a0-983-g35de22d (webtiles) character file.

11 M4edhros the Grave Robber (level 2, -3/17 HPs)
             Began as an Octopode Necromancer on Apr 10, 2017.
             Slain by an adder (4 damage)
             ... on level 2 of the Dungeon.
             The game lasted 00:00:33 (149 turns).

M4edhros the Grave Robber (Octopode Necromancer)     Turns: 149, Time: 00:00:34

Health: -3/17      AC:  2    Str:  7    XL:     2   Next: 29%
Magic:  5/5        EV: 13    Int: 17    God:
Gold:   63         SH:  0    Dex: 12    Spells: 4/5 levels left

rFire    . . .     SeeInvis .     - Unarmed
rCold    . . .     Gourm    .   (no shield)
rNeg     . . .     Faith    .   (helmet restricted)
rPois    .         Spirit   .   (no amulet)
rElec    .         Reflect  .   (no ring)
rCorr    .         Harm     .   (no ring)
MR       .....                  (no ring)
Stlth    +++.......             (no ring)
Regen    0.1/turn               (no ring)
MPRegen  0.1/turn               (no ring)
                                (no ring)
                                (no ring)

@: lethally poisoned (-3 -> -11), flying
A: almost no armour, stealthy swim, amphibious, 8 rings, constrict 8, antennae
1, rugged brown scales 1, camouflage 1, wild magic 1, gelatinous body 1
a: no special abilities


You were on level 2 of the Dungeon.
You were not hungry.

You visited 1 branch of the dungeon, and saw 2 of its levels.

You collected 63 gold pieces.

Inventory:

Scrolls
 c - a scroll of amnesia {unknown}
Books
 a - a book of Necromancy

   Spells                             Type                      Level
   a - Pain                           Necromancy                   1
   b - Animate Skeleton               Necromancy                   1
   c - Vampiric Draining              Necromancy                   3
   d - Regeneration                   Charms/Necromancy            3
   e - Animate Dead                   Necromancy                   4
   f - Control Undead                 Necromancy                   4
Comestibles
 b - 2 bread rations
 f - a meat ration


   Skills:
 - Level 2.0 Dodging
 - Level 2.6 Stealth
 + Level 1.9 Unarmed Combat
 - Level 2.0 Spellcasting
 - Level 4.0 Necromancy


You had 4 spell levels left.
You knew the following spells:

 Your Spells              Type           Power        Failure   Level  Hunger
a - Pain                  Necr           ###.         6%          1    #......


Dungeon Overview and Level Annotations

Branches:
Dungeon (2/15)

Altars:


Innate Abilities, Weirdness & Mutations

You cannot wear most types of armour.
You are very stealthy in the water. (Stealth+)
You are amphibious.
You can wear up to eight rings at the same time.
You can use your tentacles to constrict eight enemies at once.
Your skin changes colour to match your surroundings (Stealth+).
Your rubbery body absorbs attacks. (AC +1, EV +1)
You have a pair of small antennae on your head.
You are partially covered in rugged brown scales. (AC +1, +3% HP)
Your spells are a little harder to cast, but a little more powerful.


Message History

You see here a bread ration.
It was a potion of flight.
You feel very buoyant.
You fly up into the air.
* * * LOW HITPOINT WARNING * * *
You feel sick. The adder barely misses you. The adder bites you.
* * * LOW HITPOINT WARNING * * *
It was a potion of mutation.
You feel extremely strange. A pair of antennae grows on your head!
You feel less in control of your magic.
Rugged brown scales grow over part of your body.
* * * LOW HITPOINT WARNING * * *
You feel sick. The adder barely misses you.
You tentacle-slap the adder but do no damage.
Your grab misses the adder. Your squeeze misses the adder.
The adder misses you.
Unknown command.
Unknown command.
You tentacle-slap the adder but do no damage.
Your grab misses the adder. The adder bites you.
You die...

#.# #..##.# .. #.#
#..##.##.#
#.###..#.$.#.#####
#.##.............
#####.##...#.......###
###..........##.).......
#............##..<...#
#.#.##..........S....##.
#.#.##..##......@......>
....##.........>...####.
#.####.###.#..#..#.# #.#
#.#......#...#.. #.#
#.#.###.###.#.### #.#
#... ... ....# #.# #..
... ....# ..# ... ###


You could see an adder.

Vanquished Creatures
  A dart slug (D:1)
  2 ball pythons
  A bat (D:1)
  A hobgoblin (D:1)
  3 kobolds
  A rat (D:1)
9 creatures vanquished.

Notes
Turn   | Place    | Note
-------+----------+-------------------------------------------
     0 | D:1      | M4edhros the Octopode Necromancer began the quest for the Orb.
     0 | D:1      | Reached XP level 1. HP: 11/11 MP: 3/3
    16 | D:1      | Reached skill level 1 in Unarmed Combat
    21 | D:1      | Reached XP level 2. HP: 11/17 MP: 0/5
   147 | D:2      | Gained mutation: You have a pair of small antennae on your head. [potion of mutation]
   147 | D:2      | Gained mutation: Your spells are a little harder to cast, but a little more powerful. [potion of mutation]
   147 | D:2      | Gained mutation: You are partially covered in rugged brown scales. (AC +1, +3% HP) [potion of mutation]
   149 | D:2      | Slain by an adder

Vault maps used:
D:1:      eino_arrival_druids_welcome, hangedman_abyss_or_decor_stabs
D:2:      first_bread

Skill      XL: |  1 |
---------------+----+-----
Unarmed Combat | 1 |  1.9
Dodging        | |  2.0
Stealth        | |  2.6
Spellcasting   | |  2.0
Necromancy     | |  4.0

Action                   || total
-------------------------++-------
Melee: Unarmed           ||    12
       Constrict         ||     4
       Tentacles         ||     3
 Cast: Pain              ||     7
  Use: Potion            ||     2
 Stab: Sleeping          ||     1
Armor: Skin              ||     2
Dodge: Dodged            ||     8
